Map: Eastwatch LE

Players

poupilebrave - Winner!

  • Race: Protoss Protoss
  • League: Platinum
  • Spawn Location: 7:00

axu

  • Race: Protoss Protoss
  • League: Platinum
  • Spawn Location: 1:00

VOD

Have the link to the VOD?

Description

Time

  • Played on: March 7, 2018, 9:16 a.m.
  • Length: 4:29
Show
View Real Time Build Order
Export as new Build Order

poupilebrave Protoss - Winner!

Build Orders:  

Get SALT Encoding   

  12  0:01  Probe  
  13  0:13  Probe  
  14  0:20  Pylon  
  14  0:25  Probe  
  15  0:38  Gateway  
  15  0:40  Probe  
  16  0:46  Assimilator  
  16  0:52  Probe  
  17  1:04  Gateway, Probe  
  18  1:26  Pylon  
  18  1:27  Cybernetics Core  
  18  1:45  Probe  
  19  1:48  Pylon  
  19  1:52  Assimilator  
  19  1:58  Gateway, Warp Gate (Chrono Boost)  
  19  1:59  Zealot  
  21  2:11  Stalker  
  23  2:15  Probe  
  24  2:26  Stalker  
  26  2:37  Gateway  
  26  2:44  Stalker  
  28  2:51  Stalker  
  30  3:09  Pylon  
  30  3:12  Pylon  
  22  3:55  Stalker x3  
  26  3:56  Stalker  
Show
View Real Time Build Order
Export as new Build Order

axu Protoss 

Build Orders:  

Get SALT Encoding   

  12  0:01  Probe  
  13  0:13  Probe  
  14  0:18  Pylon  
  14  0:25  Probe  
  15  0:37  Probe  
  16  0:43  Gateway  
  16  0:49  Probe (Chrono Boost)  
  17  0:54  Assimilator  
  17  1:00  Assimilator  
  17  1:01  Probe (Chrono Boost)  
  18  1:13  Gateway  
  18  1:17  Probe  
  19  1:29  Probe  
  20  1:41  Probe  
  20  1:42  Cybernetics Core  
  21  1:53  Probe  
  22  2:01  Pylon  
  22  2:05  Probe  
  23  2:20  Protoss Air Weapons Level 1 (Chrono Boost), Adept x2  
  27  2:24  Probe  
  28  2:36  Probe  
  29  2:50  Nexus  
  29  3:00  Probe  
  30  3:06  Robotics Facility  
  30  3:41  Stalker (Chrono Boost)  
  30  3:55  Pylon  
  30  3:57  Pylon  
  30  4:02  Pylon  
Tags
 
Add a new tag
Caveats
  • Supply blocks, unpowered buildings, or Contaminate may cause inaccurate times.
  • Supply counts are checked every 10 seconds.